 Dungeon Crawl Stone Soup version 0.30-b1-2-g02819fbbbe (webtiles) character file.

Game seed: 1417187586764533104

48 Ashen the Chopper (level 3, -1/33 HPs)
             Began as a Hill Orc Monk on July 5, 2023.
             Slain by a goblin
             ... wielding a +0 dagger
             ... led by Robin
              (6 damage)
             ... on level 2 of the Dungeon.
             The game lasted 00:01:37 (704 turns).

Ashen the Chopper (Hill Orc Monk)                    Turns: 704, Time: 00:01:38

Health: -1/33      AC:  2    Str: 15    XL:     3   Next: 72%
Magic:  3/3        EV: 12    Int: 10    God:
Gold:   67         SH:  0    Dex: 13    Spells: 2/2 levels left

rFire   . . .        a - +0 hand axe
rCold   . . .        d - orb {light}
rNeg    . . .        b - +0 robe
rPois   .            (no helmet)
rElec   .            (no cloak)
rCorr   .            (no gloves)
SInv    .            (no boots)
Will    .....        (no amulet)
Stlth   +            (no ring)
HPRegen 0.25/turn    (no ring)
MPRegen 0.08/turn

%: no passive effects
@: glowing
A: no striking features
a: no special abilities


You were on level 2 of the Dungeon.
You visited 1 branch of the dungeon, and saw 2 of its levels.

You collected 67 gold pieces.

Inventory:

Hand Weapons
 a - a +0 hand axe (weapon)
Armour
 b - a +0 robe (worn)
 d - an orb of light (worn)
Scrolls
 e - a scroll of brand weapon {unknown}
 g - a scroll of noise {unknown}
 j - a scroll of enchant armour {unknown}
 k - a scroll of identify {unknown}
Potions
 c - 2 potions of ambrosia
 f - a potion of flight {unknown}
 h - 2 potions of curing {unknown}
 i - a potion of mutation {unknown}


   Skills:
 + Level 4.2 Fighting
 + Level 4.6 Axes
 + Level 1.1 Armour
 + Level 2.9 Dodging


You had 2 spell levels left.
You didn't know any spells.
Your spell library contained the following spells:

 Spells                   Type           Power      Damage    Failure   Level
 Anguish                  Hex/Necr       0%         N/A       98%         4
 Enfeeble                 Hex            0%         N/A       100%        7


Dungeon Overview and Level Annotations

Branches:
Dungeon (2/15)

Altars:
Hepliaklqana

Annotations:
D:2 Robin


Message History

You hear a shout! x3
You hit Robin but do no damage.
Robin is lightly wounded.
You completely miss the hobgoblin.
The hobgoblin no longer looks unusually strong.
The hobgoblin hits you. Robin hits you with a +0 dagger.
The grasping roots constrict you.
You hit Robin but do no damage.
Robin is lightly wounded.
You completely miss the hobgoblin. The hobgoblin closely misses you.
Robin barely misses you. The grasping roots constrict you.
You hit Robin.
Robin is lightly wounded.
You hit the hobgoblin but do no damage.
The goblin no longer looks unusually strong.
The hobgoblin hits you but does no damage.
Robin hits you with a +0 dagger. The grasping roots constrict you!
* * * LOW HITPOINT WARNING * * *
A goblin comes into view. It is wielding a +0 dagger.
The grasping roots release their grip on you.
You hit Robin.
Robin is moderately wounded.
You hit the hobgoblin but do no damage. The hobgoblin hits you.
* * * LOW HITPOINT WARNING * * *
Robin roars a battlecry!
The goblins go into a battle-frenzy!
A goblin comes into view. It is wielding a +0 dagger.
You hit Robin but do no damage.
Robin is moderately wounded.
You hit the hobgoblin. The hobgoblin barely misses you.
Robin hits you with a +0 dagger.
* * * LOW HITPOINT WARNING * * *
You hit Robin.
Robin is heavily wounded.
You barely miss the goblin. You hit the hobgoblin.
You kill the hobgoblin!
Robin hits you with a +0 dagger.
* * * LOW HITPOINT WARNING * * *
The goblin hits you with a +0 dagger.
You die...

#.....#.# ###.
#.....#.# ####
....
........####....
##
#.<...........g.
.#
#...........g#
.# #.....$....##
.#
####..###...g.
.# #gg###.####.#
.# #.g@g........
.# #..###.######
.# ####.........
.# #.....###.###
.### #.........#
...####
#..########
......# #..#
##.##.#####..#
#.##.....)..#


You could see Robin and 3 goblins.

Vanquished Creatures
  An adder (D:2)
  A worm (D:2)
  A dart slug (D:2)
  3 endoplasms
  12 goblins
  5 hobgoblins
  3 ball pythons
  4 bats
  A frilled lizard (D:1)
  2 rats
33 creatures vanquished.

Notes
Turn   | Place    | Note
-------+----------+-------------------------------------------
     0 | D:1      | Ashen the Hill Orc Monk began the quest for the Orb.
     0 | D:1      | Reached XP level 1. HP: 19/19 MP: 1/1
    75 | D:1      | Reached XP level 2. HP: 26/27 MP: 2/2
   529 | D:2      | Reached XP level 3. HP: 33/33 MP: 3/3
   593 | D:2      | Found a hazy altar of Hepliaklqana.
   605 | D:2      | Reached skill level 1 in Armour
   687 | D:2      | Noticed Robin
   704 | D:2      | Slain by a goblin

Illustrated notes

Levels and vault maps discovered:
D:1:      eino_arrival_druids_welcome, layout_rooms, kennysheep_minor_cross
D:2:      layout_loops_ring, basic_altar, uniq_robin

Skill      XL: |  1  2  3 |
---------------+----------+-----
Fighting       | 4 |  4.2
Armour         | 1 |  1.1
Axes           | |  4.6
Dodging        | |  2.9

Action                     || total
---------------------------++-------
  Melee: Hand axe          ||    73
 Armour: Robe              ||    13
  Dodge: Dodged            ||    45
